 Dungeon Crawl Stone Soup version 0.29-a0-757-g358383bc75 (webtiles) character file.

Game seed: 6362836357777871139

213 crusatyr the Grave Robber (level 5, 0/35 HPs)
             Began as a Demonspawn Necromancer on July 1, 2022.
             Slain by a kobold
             ... wielding a +0 short sword
              (3 damage)
             ... on level 4 of the Dungeon.
             The game lasted 00:09:51 (4116 turns).

crusatyr the Grave Robber (Demonspawn Necromancer)  Turns: 4116, Time: 00:09:52

Health: 0/35       AC:  2    Str:  8    XL:     5   Next: 59%
Magic:  1/9        EV: 11    Int: 19    God:
Gold:   205        SH:  3    Dex: 13    Spells: 6/10 levels left

rFire   . . .      SeeInvis .   e - +2 mace (venom)
rCold   . . .      Faith    .   l - +0 buckler
rNeg    . . .      Spirit   .   a - +0 robe
rPois   .          Reflect  .   (no helmet)
rElec   .          Harm     .   (no cloak)
rCorr   .          Rampage  .   (no gloves)
Will    .....                   (no boots)
Stlth   ++........              (no amulet)
HPRegen 0.11/turn               (no ring)
MPRegen 0.11/turn               (no ring)

@: mighty, lethally poisoned (0 -> -14), flying
A: powered by pain 1, weakness stinger 2
a: no special abilities


You were on level 4 of the Dungeon.
You visited 1 branch of the dungeon, and saw 4 of its levels.

You collected 233 gold pieces.
You spent 28 gold pieces at shops.

Inventory:

Hand Weapons
 e - a +2 mace of venom (weapon)
Armour
 a - a +0 robe (worn)
 l - a +0 buckler (worn)
Jewellery
 c - a +6 ring of dexterity
 f - a ring of positive energy
 n - a ring of protection from cold
Wands
 o - a wand of mindburst (16)
Scrolls
 i - 4 scrolls of identify
Potions
 b - a potion of magic
 g - 2 potions of attraction
 m - a potion of haste {unknown}


   Skills:
 - Level 1.7 Dodging
 + Level 3.2 Stealth
 + Level 3.1 Spellcasting
 * Level 6.2 Necromancy


You had 6 spell levels left.
You knew the following spells:

 Your Spells              Type           Power      Damage    Failure   Level
a - Necrotize             Necr           100%       1d9       1%          1
b - Vampiric Draining     Necr           26%        2d7       4%          3

Your spell library contained the following spells:

 Spells                   Type           Power      Damage    Failure   Level
 Animate Dead             Necr           26%        N/A       16%         4
 Slow                     Hex            12%        N/A       21%         1
 Agony                    Necr           26%        N/A       41%         5
 Confusing Touch          Hex            3%         N/A       52%         3
 Summon Ice Beast         Ice/Summ       3%         N/A       90%         4
 Summon Mana Viper        Hex/Summ       3%         N/A       99%         5
 Monstrous Menagerie      Summ           1%         N/A       100%        7


Dungeon Overview and Level Annotations

Branches:
Dungeon (4/15)
 Temple: D:4-7

Altars:

Shops:
D:1 ?:

Annotations:
D:3 Grinder


Innate Abilities, Weirdness & Mutations

You sometimes gain a little power by taking damage.
You have a tail ending in a sharp stinger.


Message History

The scorpion stings you.
You are lethally poisoned!
The scorpion poisons you! The hobgoblin barely misses you.
The scorpion stings you. The hobgoblin barely misses you.
Casting: Vampiric Draining (dangerous; 5% risk of failure)
Confirm with . or Enter, or press ? or * to list all spells.
Aiming: Vampiric Draining (dangerous; 5% risk of failure)
Press: ? - help, Shift-Dir - straight line, f - hobgoblin, p - scorpion
Aim: a hobgoblin (heavily wounded)
You draw life force from the hobgoblin!
You kill the hobgoblin!
You feel life coursing into your body.
You feel very sick. The scorpion misses you.
Casting: Vampiric Draining (dangerous; 5% risk of failure)
Confirm with . or Enter, or press ? or * to list all spells.
You don't have enough magic to cast this spell.
Okay, then.
As you read the scroll of identify, it crumbles to dust.
g - 2 potions of attraction You feel very sick.
The scorpion stings you.
You are more poisoned.
The scorpion poisons you!
The kobold hits you with a +0 short sword.
Okay, then.
It was a potion of flight.
You feel very buoyant.
You fly up into the air.
* * * LOW HITPOINT WARNING * * *
You feel very sick.
You kill the scorpion!
The kobold hits you but does no damage.
Your Necromancy skill increases to level 6!
It was a potion of might.
You feel very mighty all of a sudden.
* * * LOW HITPOINT WARNING * * *
You feel very sick.
The kobold hits you with a +0 short sword.
You die...

##........ ......... >K.
.!...... .... #........
..... #..#....# ...#.
#..#....##.....
#......K.......
#.....@.......
##...........#
##.#........##
##..##........#
##...#.........#########
#.....................##
##.........###.........#
##....#.....#........##
###..#.....#..........


You could see a kobold.

Vanquished Creatures
  A scorpion (D:4)
  Jessica (D:2)
  3 gnolls (D:2)
  3 adders
  A dart slug (D:1)
  A worm (D:2)
  An orc (D:4)
  3 ball pythons
  4 endoplasms
  7 giant cockroaches
  2 goblins
  8 hobgoblins
  3 jackals (D:1)
  5 quokkas
  8 bats
  A frilled lizard (D:1)
  4 kobolds
  5 rats
61 creatures vanquished.

Vanquished Creatures (collateral kills)
  A ball python (D:3)
  A rat (D:3)
2 creatures vanquished.

Grand Total: 63 creatures vanquished

Notes
Turn   | Place    | Note
-------+----------+-------------------------------------------
     0 | D:1      | crusatyr the Demonspawn Necromancer began the quest for the
                  | Orb.
     0 | D:1      | Reached XP level 1. HP: 13/13 MP: 3/3
    24 | D:1      | Found Dusoqos's Vocational Training.
   224 | D:1      | Gained mutation: You sometimes gain a little power by
                  | taking damage. [demonic ancestry]
   224 | D:1      | Reached XP level 2. HP: 14/19 MP: 1/5
   844 | D:1      | Found a faded altar of an unknown god.
  1130 | D:1      | Found Haphaewn's Magic Scroll Shoppe.
  1139 | D:1      | Bought a scroll of identify for 28 gold pieces
  1139 | D:1      | You fall into a shaft and drop 1 floor!
  1314 | D:2      | Reached skill level 5 in Necromancy
  1356 | D:2      | Gained mutation: You have a small tail. [demonic ancestry]
  1356 | D:2      | Reached XP level 3. HP: 4/24 MP: 4/6
  1864 | D:2      | Noticed Jessica
  2024 | D:2      | Gained mutation: You have a tail ending in a sharp stinger.
                  | [demonic ancestry]
  2024 | D:2      | Reached XP level 4. HP: 10/30 MP: 2/7
  2342 | D:2      | Learned a level 3 spell: Vampiric Draining
  2872 | D:2      | Killed Jessica
  3204 | D:3      | Noticed Grinder
  3301 | D:3      | Reached XP level 5. HP: 26/35 MP: 9/9
  4116 | D:4      | Reached skill level 6 in Necromancy
  4116 | D:4      | Slain by a kobold

Illustrated notes

Levels and vault maps discovered:
D:1:      wander_arrival_chamber, layout_loops_ring, serial_shops, shop,
          hellmonk_ecumenical_altar_inner_sanctum, nicolae_eternal_life,
          nicolae_shop_vocational
D:2:      layout_basic, uniq_jessica
D:3:      layout_rooms, uniq_grinder
D:4:      layout_cave_pools, nicolae_overflow_hidden_temple

Skill      XL: |  1  2  3  4  5 |
---------------+----------------+-----
Stealth        | 2 3 |  3.2
Necromancy     | 5 6 |  6.2
Spellcasting   | 3 |  3.1
Dodging        | |  1.7

Action                   |  1- 3 |  4- 6 || total
-------------------------+-------+-------++-------
Melee: Unarmed           |    11 |       ||    11
       Mace              |    56 |    40 ||    96
       Tailslap          |     2 |     3 ||     5
 Cast: Necrotize         |    26 |     8 ||    34
       Vampiric Draining |       |     2 ||     2
  Use: Scroll            |       |     4 ||     4
       Potion            |       |     2 ||     2
 Stab: Sleeping          |     9 |     1 ||    10
Armor: Robe              |    13 |     3 ||    16
Dodge: Dodged            |    57 |    36 ||    93
Block: Buckler           |       |     5 ||     5

Table legend: (Time is in decaauts)
 A = Elapsed time spent in this place.
 B = Non-inter-level travel time spent in this place.
 C = Inter-level travel time spent in this place.
 D = Time resting spent in this place.
 E = Time spent auto-exploring this place.
 F = Levels seen in this place.
 G = Mean time per level.
                   A        B        C        D        E       F      G
               +--------+--------+--------+--------+--------+-----+--------+
         Total |   4155 |   3982 |    173 |    769 |   2585 |   4 | 1038.8 |
       Dungeon |   4155 |   3982 |    173 |    769 |   2585 |   4 | 1038.8 |
               +--------+--------+--------+--------+--------+-----+--------+

Top non-repeatable levels by time:
     D:2: 1788 daAuts
     D:1: 1231 daAuts
     D:3: 875 daAuts
     D:4: 259 daAuts
